 Dungeon Crawl Stone Soup version 0.26-a0-597-gb535b0901c (webtiles) character file.

Game seed: 1666238437087984068

68 Alarkh the Insei (level 4, 23/33 HPs)
             Began as a Demonspawn Gladiator on Sept 12, 2020.
             Got out of the dungeon alive.
             The game lasted 00:01:23 (1802 turns).

Alarkh the Insei (Demonspawn Gladiator)             Turns: 1802, Time: 00:01:24

Health: 23/33      AC:  4    Str: 20    XL:     4   Next: 1%
Magic:  4/4        EV: 13    Int: 11    God:
Gold:   57         SH:  0    Dex: 14    Spells: 3/3 levels left

rFire    . . .     SeeInvis .     - Unarmed
rCold    . . .     Faith    .   (no shield)
rNeg     . . .     Spirit   .   a - +0 leather armour
rPois    .         Reflect  .   b - +0 helmet
rElec    .         Harm     .   (no cloak)
rCorr    .                      (no gloves)
MR       .....                  (no boots)
Stlth    +.........             (no amulet)
HPRegen  0.11/turn              f - +6 ring of strength
MPRegen  0.09/turn              (no ring)

@: no status effects
A: hooves 1, sturdy frame 1
a: no special abilities


You escaped.
You visited 1 branch of the dungeon, and saw 2 of its levels.

You collected 57 gold pieces.

Inventory:

Missiles
 c - 3 throwing nets (quivered)
Armour
 a - a +0 leather armour (worn)
 b - a +0 helmet (worn)
Jewellery
 f - a +6 ring of strength (left hand)
 n - an uncursed ring of fire
Scrolls
 e - 2 scrolls of identify {unknown}
 i - a scroll of remove curse {unknown}
 j - 3 scrolls of magic mapping {unknown}
Potions
 d - a potion of experience {unknown}
 g - a potion of stabbing {unknown}
 h - a potion of invisibility {unknown}
 k - a potion of cancellation {unknown}
 l - a potion of heal wounds {unknown}
 m - 3 potions of mutation {unknown}
 o - a potion of ambrosia {unknown}


   Skills:
 - Level 2.0 Fighting
 - Level 1.7 Throwing
 - Level 2.6 Dodging
 + Level 4.4 Unarmed Combat


You had 3 spell levels left.
You didn't know any spells.
Your spell library was empty.

Dungeon Overview and Level Annotations

Branches:
Dungeon (2/15)

Altars:


Innate Abilities, Weirdness & Mutations

You have large cloven feet.
Your movements are slightly less encumbered by armour. (ER -2)


Message History

The worm is severely wounded.
The worm closely misses you.
You hit the worm.
The worm is severely wounded.
The worm bites you.
You hit the worm.
The worm is severely wounded.
You punch the worm!
You kill the worm!
You have reached level 4!
You feel clever.
Your demonic ancestry asserts itself...
Your feet thicken and deform.
Found a scroll labeled SUSMIOBL KOFYQ.
There is a stone staircase leading up here.
You climb upwards.
There is a stone staircase leading down here.
There is an open gate here.
There is a staircase leading out of the dungeon here.
Are you sure you want to leave the Dungeon?
This will make you lose the game!
You have escaped!

♣♣..# #.####.#
♣♣...# #.# #.#
♣....# #.# #.#
♣♣....## #.# #.#
♣......## #.# #.#
♣.......## #.####.#
♣.8..8..8###.#....#
♣♣........'.#.#.####
♣..@......'.....#
♣♣........'.#####
♣.8..8..8###
♣♣......## ♣.....##
♣♣...## ♣...# ♣...#
♣...#


There were no monsters in sight!

Vanquished Creatures
  An adder (D:2)
  3 worms (D:2)
  4 dart slugs
  2 leopard geckos
  5 bats
  2 goblins (D:2)
  6 hobgoblins
  2 jackals (D:1)
  6 frilled lizards
  6 kobolds
  9 rats
46 creatures vanquished.

Notes
Turn   | Place    | Note
-------+----------+-------------------------------------------
     0 | D:1      | Alarkh the Demonspawn Gladiator began the quest for the
                  | Orb.
     0 | D:1      | Reached XP level 1. HP: 16/16 MP: 1/1
   180 | D:1      | Reached skill level 3 in Unarmed Combat
   268 | D:1      | You fall into a shaft and drop 1 floor!
   320 | D:1      | Gained mutation: Your movements are slightly less
                  | encumbered by armour. (ER -2) [demonic ancestry]
   320 | D:1      | Reached XP level 2. HP: 21/22 MP: 2/2
   908 | D:1      | Reached XP level 3. HP: 20/27 MP: 3/3
  1046 | D:2      | Reached skill level 4 in Unarmed Combat
  1706 | D:2      | Gained mutation: You have large cloven feet. [demonic
                  | ancestry]
  1706 | D:2      | Reached XP level 4. HP: 13/33 MP: 4/4
  1802 | D:$      | Got out of the dungeon alive.

Illustrated notes

Levels and vault maps discovered:
D:1:      kennysheep_arrival_forest, layout_basic, minmay_pentomino_s2
D:2:      layout_loops_ring, uniq_crazy_yiuf_cottage

Skill      XL: |  1  2  3 |
---------------+----------+-----
Unarmed Combat | 3 4 |  4.4
Fighting       | |  2.0
Throwing       | |  1.7
Dodging        | |  2.6

Action                   |  1- 3 |  4- 6 || total
-------------------------+-------+-------++-------
Melee: Unarmed           |   183 |       ||   183
       Punch             |     6 |       ||     6
 Stab: Sleeping          |     2 |       ||     2
Armor: Leather armour    |    35 |       ||    35
Dodge: Dodged            |    81 |       ||    81

Table legend: (Time is in decaauts)
 A = Elapsed time spent in this place.
 B = Non-inter-level travel time spent in this place.
 C = Inter-level travel time spent in this place.
 D = Time resting spent in this place.
 E = Time spent auto-exploring this place.
 F = Levels seen in this place.
 G = Mean time per level.
                   A        B        C        D        E       F      G
               +--------+--------+--------+--------+--------+-----+--------+
         Total |   1790 |   1670 |    120 |    389 |    974 |   2 |  895.0 |
       Dungeon |   1790 |   1670 |    120 |    389 |    974 |   2 |  895.0 |
               +--------+--------+--------+--------+--------+-----+--------+

Top non-repeatable levels by time:
     D:1: 1046 daAuts
     D:2: 744 daAuts
